Map: Frostline LE

Players

Zergtitude - Winner!

  • Race: Terran Terran
  • League: Gold
  • Spawn Location: 7:00

WeAreLegion

  • Race: Terran Terran
  • League: Silver
  • Spawn Location: 1:00

VOD

Have the link to the VOD?

Description

Time

  • Played on: Dec. 12, 2024, 9:36 p.m.
  • Length: 32:29
Show
View Real Time Build Order
Export as new Build Order

Zergtitude Terran - Winner!

Build Orders:  

Get SALT Encoding   

  12  0:03  SCV  
  13  0:15  Supply Depot  
  13  0:18  SCV  
  14  0:31  SCV  
  15  0:43  SCV  
  15  0:44  Barracks  
  15  0:49  Refinery  
  16  0:55  SCV  
  17  1:07  SCV  
  18  1:12  Refinery  
  18  1:19  SCV  
  19  1:31  SCV  
  20  1:37  Barracks Tech Lab  
  20  1:43  Orbital Command  
  20  1:55  Supply Depot  
  20  1:58  Marauder  
  20  2:01  Concussive Shells  
  22  2:16  SCV  
  22  2:19  Marine  
  24  2:28  SCV  
  25  2:38  Factory  
  25  2:40  SCV  
  25  2:41  Engineering Bay  
  26  2:46  Marine  
  27  2:53  SCV  
  28  3:04  Marine  
  28  3:05  SCV  
  30  3:12  Command Center  
  30  3:17  SCV  
  31  3:28  Starport  
  31  3:29  Factory Tech Lab  
  31  3:40  Sensor Tower  
  31  3:53  Starport  
  31  4:09  Supply Depot  
  31  4:12  Supply Depot  
  31  4:21  Command Center  
  31  4:23  Siege Tank, Marauder  
  36  4:24  Starport Tech Lab  
  36  4:33  Orbital Command  
  36  4:40  Starport Tech Lab  
  36  4:45  Marauder  
  38  4:47  Banshee  
  38  4:52  Cloaking Field  
  41  4:55  Siege Tank  
  41  4:59  Missile Turret  
  44  5:04  SCV  
  44  5:05  SCV  
  46  5:28  Banshee  
  46  5:29  Orbital Command  
  46  5:31  Siege Tank  
  52  5:45  Barracks  
  52  5:48  SCV  
  53  5:50  Barracks  
  53  5:56  SCV  
  55  5:58  Orbital Command  
  55  6:00  SCV  
  55  6:08  SCV, Refinery x2  
  56  6:12  SCV  
  56  6:17  Marauder  
  59  6:24  SCV  
  60  6:27  Combat Shield  
  60  6:35  Medivac  
  60  6:36  SCV, Barracks  
  60  6:38  Marauder  
  65  6:42  SCV x2  
  67  6:48  SCV  
  67  6:54  SCV x2  
  69  6:56  Barracks Tech Lab  
  69  6:59  Marauder  
  69  7:00  SCV  
  73  7:01  Supply Depot  
  73  7:06  SCV x2  
  75  7:12  SCV  
  76  7:18  SCV  
  76  7:21  Barracks Reactor  
  77  7:23  SCV, Marauder x2  
  77  7:24  Supply Depot, SCV  
  83  7:30  SCV  
  81  7:44  Marauder x2  
  82  8:00  Missile Turret  
  82  8:01  Missile Turret  
  82  8:06  Marauder x2  
  82  8:10  Medivac  
  82  8:11  Medivac  
  82  8:12  Marine x2  
  90  8:18  Terran Infantry Weapons Level 1  
  90  8:19  Command Center  
  92  8:26  SCV  
  93  8:28  Armory  
  93  8:41  Supply Depot  
  93  8:46  Barracks Tech Lab  
  93  8:49  Stimpack  
  93  9:02  Marine x3, Medivac x2  
  93  9:03  SCV  
  93  9:05  Supply Depot  
  93  9:09  Refinery  
  101  9:13  Refinery  
  101  9:27  SCV x2, Marine, Marauder, Siege Tank  
  101  9:28  Terran Vehicle Weapons Level 1, Missile Turret  
  101  9:30  Marine x2  
  101  9:31  SCV, Engineering Bay  
  112  9:32  Medivac  
  112  9:33  Sensor Tower  
  114  9:39  SCV x2  
  114  9:43  SCV  
  114  9:44  Marine  
  118  9:48  Marine x2  
  118  9:49  Marauder  
  119  9:59  Siege Tank  
  117  10:02  Marine  
  117  10:06  Marine  
  121  10:07  Marauder  
  121  10:10  Marauder  
  121  10:13  Terran Infantry Armor Level 1  
  123  10:20  Marine  
  124  10:30  Smart Servos  
  124  10:33  Planetary Fortress  
  124  10:44  Command Center  
  124  11:01  Terran Infantry Weapons Level 2  
  124  11:07  Factory x2, Armory  
  124  11:16  Starport  
  124  11:22  Terran Vehicle And Ship Armor Level 1  
  124  11:26  Supply Depot  
  124  11:31  Siege Tank, Marine  
  124  11:33  Marine  
  124  11:34  Marauder  
  110  11:50  Supply Depot  
  110  11:51  Marine  
  100  11:56  Fusion Core  
  100  12:00  Barracks  
  100  12:01  Marine x3  
  100  12:03  Siege Tank  
  106  12:09  Marine  
  106  12:10  Starport Tech Lab  
  106  12:13  Supply Depot  
  106  12:14  Terran Vehicle Weapons Level 2  
  107  12:19  Marine x3, Terran Infantry Armor Level 2  
  110  12:27  Marine  
  111  12:37  Supply Depot  
  102  12:48  Barracks  
  80  13:02  Marauder x2  
  80  13:03  Marine x3  
  87  13:20  Marine  
  87  13:21  Marine x2  
  87  13:23  Marine  
  89  13:38  Marine x2  
  86  13:54  Barracks Tech Lab  
  83  13:56  Command Center  
  83  14:00  Factory Tech Lab  
  83  14:01  Factory Tech Lab  
  80  14:04  Barracks Tech Lab  
  80  14:10  Marine x3  
  74  14:28  Marine x3  
  74  14:30  Planetary Fortress  
  74  14:46  Marine  
  74  14:47  Marauder  
  73  14:58  Siege Tank  
  76  15:08  Marauder  
  75  15:28  Barracks  
  75  15:29  Orbital Command, Marauder  
  75  15:30  Siege Tank  
  80  15:37  SCV x4  
  80  15:39  Battlecruiser x3, Refinery  
  102  15:47  Terran Infantry Weapons Level 3  
  102  15:50  Terran Infantry Armor Level 3  
  102  15:52  Terran Vehicle And Ship Armor Level 2  
  102  15:53  Terran Vehicle Weapons Level 3  
  102  16:01  Refinery  
  102  16:02  Barracks  
  102  16:07  Marine x2, Marauder  
  102  16:08  Marine  
  107  16:15  Command Center  
  107  16:16  Barracks  
  107  16:25  Marine x3  
  107  16:28  Marine  
  111  16:43  Marine, Battlecruiser x3  
  130  17:00  Weapon Refit  
  130  17:06  Barracks  
  130  17:13  Barracks Reactor x2  
  130  17:16  Marine x6  
  136  17:33  Marine  
  136  17:34  Marine  
  138  17:47  Battlecruiser, Medivac x2  
  148  18:09  Terran Ship Weapons Level 1  
  148  18:17  Battlecruiser  
  148  18:22  Battlecruiser  
  144  19:18  SCV  
  144  19:21  Battlecruiser  
  151  19:24  Planetary Fortress  
  151  19:27  Refinery  
  151  19:30  SCV  
  152  19:31  Refinery  
  152  19:42  SCV  
  153  19:51  Missile Turret  
  153  19:54  SCV  
  154  20:02  Terran Vehicle And Ship Armor Level 3  
  154  20:04  Hi-Sec Auto Tracking  
  154  20:06  SCV  
  154  20:07  Neosteel Armor  
  155  20:08  Terran Ship Weapons Level 2  
  155  20:09  Missile Turret  
  155  20:29  SCV  
  155  20:30  SCV x5  
  161  20:46  Command Center  
  161  20:47  Battlecruiser x3  
  179  20:56  Barracks x2  
  179  20:58  Caduceus Reactor  
  179  21:17  Factory Tech Lab  
  179  21:22  Supply Depot  
  179  21:24  Supply Depot  
  178  21:51  Battlecruiser  
  184  21:54  Advanced Ballistics  
  172  22:12  Battlecruiser  
  172  22:13  Battlecruiser  
  184  22:37  Siege Tank  
  184  22:38  Siege Tank  
  190  22:48  Orbital Command  
  190  22:53  Sensor Tower  
  190  22:59  Refinery  
  190  23:02  Refinery  
  168  24:29  Siege Tank x3  
  177  24:57  Command Center  
  177  25:08  Battlecruiser x2  
  177  25:09  Battlecruiser  
  186  26:51  Command Center  
  183  26:56  Command Center  
  183  27:16  Command Center  
  159  27:31  Marine x5  
  159  27:32  Marine x3  
  159  27:33  Marauder x3  
  146  27:54  Marauder x2  
  146  27:55  Marauder  
  152  28:02  Medivac x3  
  158  28:16  Marauder x3  
  158  28:18  Barracks Tech Lab  
  164  28:25  Barracks Tech Lab  
  164  28:27  Barracks Reactor  
  164  28:32  Medivac x3  
  164  28:34  Planetary Fortress  
  170  28:35  Planetary Fortress  
  170  28:37  Marauder x2  
  174  28:42  Command Center  
  174  28:51  Barracks Tech Lab  
  174  29:02  Medivac  
  106  29:30  Battlecruiser  
  106  29:31  Battlecruiser  
  104  29:33  Marine x2, Marauder x5  
  104  29:34  Marine x3  
  119  29:41  Planetary Fortress  
  119  29:51  Marauder  
  119  29:52  Marine x5  
  124  29:53  Marine x3  
  124  29:54  Marauder x3  
  135  30:03  Orbital Command  
  135  30:18  Marine x4  
  135  30:19  Marine x3  
  135  30:20  Marauder x4  
  150  30:40  Refinery  
  150  30:41  Orbital Command, Refinery  
  150  30:43  Refinery  
  150  30:51  Command Center  
  150  30:54  Command Center  
  150  31:03  Marine x5  
  150  31:04  Marine x2  
  156  31:05  Marauder x6  
  148  31:26  Marauder  
  142  31:46  Medivac  
  268  31:47  Medivac x2  
Show
View Real Time Build Order
Export as new Build Order

WeAreLegion Terran 

Build Orders:  

Get SALT Encoding   

  12  0:00  SCV  
  13  0:13  SCV  
  14  0:17  Supply Depot  
  14  0:28  SCV  
  15  0:40  Barracks  
  15  0:43  SCV  
  15  0:44  Refinery  
  16  0:55  SCV  
  17  1:07  SCV  
  18  1:27  Orbital Command  
  18  1:28  Reaper  
  19  1:53  SCV  
  20  1:59  Refinery  
  20  2:05  SCV, Reaper  
  22  2:17  SCV  
  23  2:26  Factory  
  23  2:39  Command Center  
  23  2:43  Supply Depot  
  23  2:51  Barracks Reactor  
  23  3:05  SCV  
  24  3:17  SCV  
  25  3:23  Factory Tech Lab  
  25  3:29  SCV  
  25  3:32  Starport  
  26  3:35  Marine  
  28  3:41  SCV  
  28  3:54  SCV  
  30  3:58  Orbital Command  
  29  4:06  SCV  
  30  4:14  Marine x2  
  32  4:19  SCV, Siege Tank  
  32  4:21  Starport Tech Lab  
  36  4:29  SCV  
  36  4:31  SCV  
  38  4:38  Engineering Bay  
  38  4:40  Barracks  
  38  4:41  SCV  
  38  4:43  SCV  
  38  4:45  Marine  
  41  4:53  Raven, SCV  
  41  4:55  SCV  
  45  5:11  Siege Tank  
  48  5:16  Supply Depot  
  48  5:17  Supply Depot  
  48  5:18  Supply Depot, SCV x2  
  48  5:20  Marine  
  51  5:30  SCV x2  
  51  5:32  Barracks Tech Lab, Barracks  
  53  5:40  Refinery  
  53  5:42  SCV x2, Refinery  
  55  5:44  Marine  
  55  5:48  Raven  
  58  5:54  SCV x2  
  60  6:06  Supply Depot  
  60  6:08  SCV x2  
  60  6:09  Supply Depot  
  62  6:19  Marine x2  
  62  6:20  SCV x2  
  62  6:24  Command Center  
  62  6:25  Terran Infantry Weapons Level 1  
  66  6:27  Stimpack  
  66  6:29  Barracks Tech Lab  
  66  6:32  SCV x2  
  68  6:38  Marine x3  
  71  6:45  Siege Tank  
  74  6:57  Marauder  
  76  7:09  Barracks, Barracks Reactor  
  76  7:15  Armory  
  76  7:19  Barracks  
  76  7:20  Supply Depot  
  76  7:22  Supply Depot  
  70  7:28  Marine x2  
  69  7:33  Viking x2  
  67  7:46  Marine x2  
  68  8:03  Viking x2  
  72  8:06  SCV  
  72  8:07  SCV, Marine  
  72  8:08  Marine x3  
  78  8:18  SCV  
  78  8:19  SCV  
  80  8:20  SCV  
  80  8:25  Marine  
  80  8:26  Marine, Marauder x2  
  87  8:31  SCV x2  
  87  8:32  SCV  
  90  8:43  SCV x2, Marine  
  90  8:44  SCV, Marine  
  90  8:47  Marauder  
  90  8:48  Marauder  
  99  8:54  Siege Tank  
  99  8:55  SCV  
  103  8:56  Medivac  
  103  9:01  Combat Shield, Marine  
  103  9:02  Concussive Shells, Marine  
  107  9:03  Terran Infantry Weapons Level 2  
  107  9:07  Engineering Bay  
  107  9:08  Marine x2  
  107  9:09  Terran Ship Weapons Level 1  
  109  9:20  SCV x2  
  111  9:26  Orbital Command, Siege Tank  
  111  9:27  Marauder x2  
  111  9:28  Supply Depot x2  
  118  9:32  SCV x2  
  118  9:35  Marine x3  
  121  9:48  Marine, Marauder  
  113  9:53  Marine x3  
  113  9:59  Siege Tank  
  103  10:06  Marauder  
  103  10:09  Marauder  
  103  10:13  Marine x2  
  103  10:14  Marine  
  108  10:16  Medivac x2  
  112  10:27  Marauder  
  112  10:28  SCV  
  115  10:29  SCV  
  115  10:30  Marine  
  115  10:31  SCV, Marine, Siege Tank  
  115  10:32  Supply Depot  
  115  10:35  Supply Depot  
  122  10:45  Marine x2  
  122  10:46  SCV x3  
  122  10:49  Marine, Marauder x2  
  132  10:55  Supply Depot  
  132  10:58  SCV x3  
  132  10:59  Supply Depot  
  132  11:03  Siege Tank, Marine x2  
  140  11:07  Marine  
  140  11:10  SCV x2, Marauder x2  
  140  11:11  SCV  
  148  11:20  Marine  
  149  11:30  Supply Depot  
  149  11:31  Marauder x2  
  149  11:32  Supply Depot  
  153  11:35  Siege Tank  
  153  11:36  Terran Infantry Weapons Level 3  
  153  11:37  Terran Infantry Armor Level 1  
  147  11:53  Marauder  
  148  12:07  SCV  
  148  12:08  SCV x2  
  151  12:14  Marine, Refinery  
  151  12:15  Marine x4, Refinery  
  156  12:16  Siege Tank  
  156  12:20  SCV x3  
  156  12:21  Viking x2  
  166  12:32  Marine x3  
  166  12:33  Marauder x2  
  172  12:48  Siege Tank  
  172  12:51  Viking  
  171  12:55  Marauder x2  
  177  13:11  Marine x3  
  180  13:15  Marine x2  
  182  13:20  Siege Tank  
  180  13:34  Marauder x2  
  164  13:55  Marauder  
  93  14:48  Marine x5  
  93  14:49  Siege Tank  
  93  14:51  Liberator x2  
  98  15:06  Marine x3  
  98  15:07  Marauder x2  
  105  15:20  Supply Depot x2  
  103  15:22  Siege Tank  
  103  15:23  Marine  
  103  15:28  Marauder x2  
  111  15:34  Liberator  
  114  15:38  SCV  
  114  15:39  SCV x2, Marine  
  114  15:40  Marine  
  114  15:41  Marine  
  114  15:42  Liberator  
  123  15:45  Command Center  
  123  15:49  Marauder x2  
  127  15:51  SCV x3  
  127  15:54  Siege Tank  
  127  15:55  Barracks  
  127  15:56  Barracks, Command Center  
  133  15:57  Marine x2  
  133  16:03  SCV x2, Command Center  
  133  16:04  Factory  
  137  16:05  Factory  
  137  16:10  Starport  
  137  16:11  Starport, Marauder x2  
  141  16:16  Liberator  
  144  16:19  SCV x3  
  144  16:20  Marine x2  
  144  16:24  Liberator  
  152  16:26  Siege Tank  
  152  16:32  Marauder x2  
  159  16:38  Marine  
  160  16:53  Marauder  
  160  16:54  Marauder  
  164  16:58  Marine x3  
  164  16:59  Liberator  
  164  17:00  Starport Reactor  
  170  17:01  Starport Reactor  
  170  17:15  Marauder x2  
  174  17:16  Marine  
  172  17:36  Marauder x2  
  173  17:41  Missile Turret  
  173  17:42  Missile Turret  
  167  17:47  Missile Turret  
  167  17:49  Missile Turret  
  167  17:50  Missile Turret  
  161  17:53  Viking x4  
  161  17:56  Viking x2  
  161  17:57  Missile Turret  
  161  17:58  Marauder x2  
  167  17:59  Missile Turret x3  
  167  18:02  Missile Turret  
  167  18:04  Missile Turret  
  157  18:19  Marauder  
  148  18:23  Viking x3  
  148  18:26  Viking  
  153  18:31  Missile Turret  
  153  18:35  Missile Turret  
  153  18:36  Missile Turret  
  153  18:39  Missile Turret  
  152  18:43  Missile Turret  
  152  18:45  Planetary Fortress, Missile Turret  
  152  18:46  Planetary Fortress, Missile Turret  
  152  18:48  Missile Turret  
  152  18:53  Viking  
  149  18:57  Marine x3, Marauder  
  149  18:58  Marauder  
  149  19:00  Missile Turret  
  149  19:01  Terran Ship Weapons Level 2  
  149  19:02  Missile Turret  
  156  19:03  Missile Turret  
  156  19:14  Marine x2  
  156  19:15  Marine  
  156  19:16  Siege Tank  
  162  19:19  Marauder x2  
  162  19:21  Factory Tech Lab  
  166  19:32  Marine  
  160  19:40  Marauder x2  
  160  19:44  Marine  
  160  19:45  Marine  
  162  19:48  Siege Tank  
  162  19:50  Marine  
  166  20:02  Marine x2, Marauder x2  
  166  20:07  Viking  
  174  20:08  Marine  
  175  20:20  Siege Tank, Marine x2  
  180  20:23  Marauder x2  
  180  20:26  Marine  
  185  20:38  Marine x2  
  187  20:44  Marauder  
  187  20:45  Marauder  
  187  20:48  Refinery  
  191  20:50  Refinery  
  191  20:52  Siege Tank  
  194  20:59  Marine, Refinery  
  194  21:00  Marine x2, Refinery  
  194  21:03  Refinery x2  
  197  21:06  Marauder  
  199  21:17  Marine  
  195  21:48  Missile Turret x2  
  187  22:02  Viking x2  
  187  22:03  Viking x4  
  188  22:18  Marine x4  
  188  22:19  Marine  
  193  22:32  Viking x2  
  193  22:36  Marine x2  
  199  22:59  Marine  
  200  23:30  Missile Turret  
  200  23:34  Missile Turret  
  124  24:22  Marine x4  
  124  24:23  Marauder  
  124  24:24  Viking x6  
  123  24:26  Thor x2  
  145  24:40  Marauder  
  145  24:43  Terran Ship Weapons Level 3  
  145  24:44  Marauder  
  147  24:54  Viking x5  
  154  25:02  Marauder  
  156  25:09  Thor x2, Missile Turret  
  156  25:10  Missile Turret  
  156  25:12  Missile Turret  
  166  25:14  Missile Turret  
  166  25:16  Missile Turret x2  
  164  25:28  Marine x2  
  164  25:29  Marine x2, Marauder  
  164  25:30  Viking x2  
  164  25:31  Viking x4  
  169  25:47  Marauder  
  168  25:51  Marauder  
  166  26:08  Marauder  
  166  26:17  SCV x2  
  166  26:18  SCV x2  
  170  26:29  SCV  
  170  26:30  SCV x2  
  170  26:31  Marine  
  170  26:32  Marine x3  
  179  26:33  Thor x2, Marauder  
  179  26:35  Viking x2  
  179  26:36  Command Center  
  192  26:50  Marauder  
  192  26:51  Marine x2  
  195  27:19  Viking  
  195  27:20  Marauder x2  
  195  27:21  Viking x2  
  195  27:22  Viking x2  
  121  28:01  Viking x4  
  121  28:02  Viking x2  
  121  28:04  Marine x4  
  121  28:05  Marauder  
  133  28:47  Command Center  
  133  28:55  Command Center  
  133  29:03  Terran Vehicle Weapons Level 1  
  83  29:31  Marine x4  
  80  29:32  Thor x2, Marauder  
  80  29:33  Viking x2  
  101  29:48  Marine  
  101  29:49  Marine x2, Marauder  
  106  29:53  Marauder  
  108  30:06  Marine x3  
  110  30:11  Marauder  
  110  30:12  Refinery  
  110  30:13  Refinery  
  113  30:14  Marauder  
  113  30:15  Thor x2  
  127  30:24  Orbital Command, Marine x3  
  130  30:32  Marine  
  131  30:35  Marine  
  131  30:36  Viking x2  
  131  30:42  Marine x3  
  139  30:49  Marine  
  139  30:53  Marine  
  141  30:57  Thor  
  141  31:00  Marine x2  
  149  31:06  Refinery  
  149  31:08  Marauder  
  149  31:11  Marauder  
  141  31:24  Refinery  
Tags
 
Matchup
TvT
Race
Terran
Replay Pack
December
Spawn Locations
Cross Positions
Add a new tag
Caveats
  • Supply blocks, unpowered buildings, or Contaminate may cause inaccurate times.
  • Supply counts are checked every 10 seconds.